 Dungeon Crawl Stone Soup version 0.18.1-48-g4cf74bf (webtiles) character file.

287 Wotyn the Chopper (level 6, -2/57 HPs)
             Began as a Naga Berserker on July 3, 2016.
             Was a Priest of Trog.
             Killed by divine providence
             ... invoked by an orc priest
              (9 damage)
             ... on level 4 of the Dungeon.
             The game lasted 00:14:56 (2855 turns).

Wotyn the Chopper (Naga Berserker)                  Turns: 2855, Time: 00:14:56

Health: -2/57      AC:  8    Str: 23    XL:     6   Next: 30%
Magic:  5/5        EV: 10    Int:  7    God:    Trog [***...]
Gold:   200        SH:  0    Dex: 15    Spells: 0 memorised, 5 levels left

rFire  . . .     SeeInvis +     a - +0 hand axe
rCold  . . .     Gourm    .     d - +0 ring mail
rNeg   . . .     Faith    .     (no shield)
rPois  +         Spirit   .     f - +2 helmet
rElec  .         Dismiss  .     (no cloak)
rCorr  .         Reflect  .     (no gloves)
SustAt .         Harm     .     (no barding)
MR     +....                    (no amulet)
Stlth  +.........               (no ring)
                                b - ring of poison resistance

@: exhausted, slowed, very slow, somewhat resistant to hostile enchantments,
very unstealthy
A: see invisible, agile 1, deformed body, low mp 1, magic resistance 1, poison
resistance, slowness 2, slow metabolism 1, spit poison 2, strong 2, no device
heal 1, AC +2
a: Spit Poison, Berserk, Trog's Hand, Burn Spellbooks, Renounce Religion


You were on level 4 of the Dungeon.
You worshipped Trog.
Trog was most pleased with you.
You were not hungry.

You visited 1 branch of the dungeon, and saw 4 of its levels.

You collected 200 gold pieces.

Inventory:

Hand Weapons
 a - a +0 hand axe (weapon)
Armour
 d - a +0 ring mail (worn)
 f - a +2 helmet (worn)
Jewellery
 b - a ring of poison resistance (left hand)
Scrolls
 e - 2 scrolls of amnesia
 h - a scroll of remove curse
Potions
 g - a potion of magic {unknown}
 j - a potion of beneficial mutation {unknown}
 k - a potion of curing
 l - a potion of invisibility {unknown}
 m - a potion of degeneration {unknown}
 p - a potion of resistance {unknown}
Comestibles
 c - 5 bread rations
 i - 3 meat rations
 n - 2 beef jerkies


   Skills:
 + Level 3.8 Fighting
 * Level 4.5 Axes
 + Level 3.0 Armour
 + Level 3.0 Dodging
 + Level 0.4 Stealth


You had 5 spell levels left.
You didn't know any spells.

Dungeon Overview and Level Annotations

Branches:
Dungeon (4/15)
 Temple: D:4-7

Altars:
Nemelex Xobeh
Ru
Yredelemnul
Zin

Annotations:
D:4 Coyotero's ghost, amateur DrFi


Innate Abilities, Weirdness & Mutations

You cannot wear boots.
Your serpentine skin is tough (AC +2).
You have supernaturally acute eyesight.
Armour fits poorly on your strangely shaped body.
Your system is resistant to poisons.
You cover ground very slowly.
You have a slow metabolism.
You can spit poison.
You are agile. (Dex +2)
Your magical capacity is low (-10% MP).
You are resistant to hostile enchantments.
Your muscles are very strong. (Str +4)
Potions and wands are less effective at restoring your health.


Message History

Coyotero's ghost turns its malevolent gaze towards you.
The orc priest invokes the aid of Beogh against you.
You easily resist.
You continue eating. x2
The orc priest calls down the wrath of Beogh upon you.
Beogh smites you!
The orc priest calls down the wrath of Beogh upon you.
Beogh smites you!
Read which item? (? for menu, Esc to quit)
As you read the scroll of fog, it crumbles to dust.
The scroll dissolves into smoke.
Coyotero's ghost hits you!
* * * LOW HITPOINT WARNING * * *
Coyotero's ghost barely misses you. Coyotero's ghost hits you.
* * * LOW HITPOINT WARNING * * *
Coyotero's ghost hits you but does no damage.
The orc priest mumbles some strange prayers to Beogh against you.
Beogh smites you!
You die...

#.... #... #..# ###..#
#.# .. ####....# #.#
.?.##..§.#.# #.#
.....o##§W.## #.####
.......§§o..## #.##..
#.####.§§##@.### #....#
#.§#####...########..###
....# ###..............
..### ##########.#### #.
#.# # ###†#### #.......
#....... #.....(.


You could see an orc priest and Coyotero's ghost.

Vanquished Creatures
  An ogre (D:4)
  An orc wizard (D:4)
  2 iguanas (D:4)
  3 adders
  An ooze (D:2)
  An adder skeleton (D:4)
  2 worms
  4 dart slugs
  2 giant geckos
  10 orcs
  7 bats
  5 giant cockroaches
  9 goblins
  3 hobgoblins
  4 jackals (D:4)
  2 quokkas (D:2)
  2 ball pythons
  3 giant newts
  3 kobolds
  2 rats (D:1)
67 creatures vanquished.

Notes
Turn   | Place    | Note
--------------------------------------------------------------
     0 | D:1      | Wotyn the Naga Berserker began the quest for the Orb.
     0 | D:1      | Reached XP level 1. HP: 21/21 MP: 1/1
   238 | D:1      | Reached XP level 2. HP: 27/28 MP: 2/2
   487 | D:1      | Found a sparkling altar of Nemelex Xobeh.
  1191 | D:2      | Reached XP level 3. HP: 16/34 MP: 3/3
  1450 | D:2      | Reached ** piety under Trog
  1687 | D:2      | Found a basalt altar of Yredelemnul.
  1702 | D:2      | Gained mutation: You are agile. (Dex +2) [potion of mutation]
  1702 | D:2      | Gained mutation: Potions and wands are less effective at restoring your health. [potion of mutation]
  1702 | D:2      | Gained mutation: Your magical capacity is low (-10% MP). [potion of mutation]
  1703 | D:2      | Gained mutation: Your muscles are strong. (Str +2) [potion of mutation]
  1703 | D:2      | Gained mutation: You are resistant to hostile enchantments. [potion of mutation]
  1703 | D:2      | Gained mutation: Your muscles are very strong. (Str +4) [potion of mutation]
  1865 | D:2      | Reached XP level 4. HP: 38/42 MP: 3/3
  1906 | D:2      | Found a sacrificial altar of Ru.
  2120 | D:3      | Found a glowing silver altar of Zin.
  2139 | D:3      | Reached skill level 4 in Axes
  2434 | D:4      | Reached XP level 5. HP: 41/49 MP: 4/4
  2464 | D:4      | Noticed an ogre
  2666 | D:4      | Reached *** piety under Trog
  2840 | D:4      | Killed an ogre
  2840 | D:4      | Reached XP level 6. HP: 57/57 MP: 5/5
  2849 | D:4      | Noticed Coyotero's ghost (amateur DrFi)
  2855 | D:4      | Killed from afar by an orc priest

Skill      XL: |  1  2  3  4  5 |
---------------+----------------+-----
Armour         | 2 3 |  3.0
Axes           | 4 |  4.5
Dodging        | 2 3 |  3.0
Fighting       | |  3.8
Stealth        | |  0.4

Action                   |  1- 3 |  4- 6 || total
-------------------------+-------+-------++-------
Melee: Hand axe          |   119 |   137 ||   256
Invok: Berserk           |     2 |     2 ||     4
       Trog's Hand       |       |     1 ||     1
 Abil: Spit Poison       |       |     1 ||     1
  Use: Scroll            |     5 |     5 ||    10
       Potion            |     4 |       ||     4
  Eat: Bread ration      |     1 |     1 ||     2
       Chunk             |       |     1 ||     1
Armor: Ring mail         |    47 |    89 ||   136
Dodge: Dodged            |    71 |    81 ||   152
